 Dungeon Crawl Stone Soup version 0.21-a0-110-g8e1637b (webtiles) character file.

77 tilp the Firebug (level 4, -1/33 HPs)
             Began as a Hill Orc Fire Elementalist on July 9, 2017.
             Slain by a hobgoblin
             ... wielding a +0 club
              (5 damage)
             ... on level 1 of the Dungeon.
             The game lasted 00:07:28 (2437 turns).

tilp the Firebug (Hill Orc Fire Elementalist)       Turns: 2437, Time: 00:07:29

Health: -1/33      AC:  3    Str: 10    XL:     4   Next: 34%
Magic:  6/8        EV: 12    Int: 16    God:
Gold:   38         SH:  0    Dex: 11    Spells: 3/9 levels left

rFire    . . .     SeeInvis .   p - +0 dagger
rCold    . . .     Gourm    .   (no shield)
rNeg     . . .     Faith    .   a - +0 robe
rPois    .         Spirit   .   r - +0 helmet
rElec    .         Reflect  .   (no cloak)
rCorr    .         Harm     .   (no gloves)
MR       .....                  (no boots)
Stlth    ++........             (no amulet)
HPRegen  0.11/turn              (no ring)
MPRegen  0.11/turn              (no ring)

@: no status effects
A: no striking features
a: no special abilities


You were on level 1 of the Dungeon.
You were hungry.

You visited 1 branch of the dungeon, and saw 2 of its levels.

You collected 38 gold pieces.

Inventory:

Hand Weapons
 d - a +0 spear
 h - a +0 mace
 p - a +0 dagger (weapon)
Missiles
 q - 55 stones (quivered)
Armour
 a - a +0 robe (worn)
 r - a +0 helmet (worn)
Jewellery
 g - a cursed amulet of inaccuracy {unknown}
Scrolls
 i - a scroll of identify {unknown}
 k - a scroll of remove curse
 l - 2 scrolls of noise {unknown}
 o - a scroll of teleportation {unknown}
Potions
 e - a potion of lignification {unknown}
 f - a potion of haste {unknown}
 j - a potion of agility {unknown}
 n - a potion of curing {unknown}
Books
 b - a book of Flames

   Spells                             Type                      Level
   a - Flame Tongue                   Conjuration/Fire             1
   b - Throw Flame                    Conjuration/Fire             2
   c - Conjure Flame                  Conjuration/Fire             3
   d - Inner Flame                    Hexes/Fire                   3
   e - Sticky Flame                   Conjuration/Fire             4
   f - Fireball                       Conjuration/Fire             5
Comestibles
 c - 4 bread rations
 m - 4 chunks of flesh


   Skills:
 - Level 1.5 Dodging
 - Level 1.5 Stealth
 - Level 3.2 Spellcasting
 + Level 1.6 Conjurations
 - Level 3.2 Fire Magic


You had 3 spell levels left.
You knew the following spells:

 Your Spells              Type           Power        Failure   Level  Hunger
a - Flame Tongue          Conj/Fire      ##...        7%          1    None
b - Throw Flame           Conj/Fire      ##....       10%         2    ##.....
c - Conjure Flame         Conj/Fire      ##......     21%         3    ###....


Dungeon Overview and Level Annotations

Branches:
Dungeon (2/15)

Altars:
Trog

Annotations:
D:2 Sigmund


Message History

* * * LOW HITPOINT WARNING * * *
Casting: Flame Tongue
Confirm with . or Enter, or press ? or * to list all spells.
Aiming: Flame Tongue
Press: ? - help, Shift-Dir - straight line, f - kobold
Aim: a kobold, wielding a short sword The flame tongue hits the kobold.
The kobold appears unharmed.
The hobgoblin hits you but does no damage.
The kobold hits you with a short sword.
* * * LOW HITPOINT WARNING * * *
Casting: Flame Tongue
Confirm with . or Enter, or press ? or * to list all spells.
Aiming: Flame Tongue
Press: ? - help, Shift-Dir - straight line, f/p - kobold
Aim: a kobold, wielding a short sword The flame tongue hits the kobold.
The kobold is severely wounded.
You are feeling hungry.
The hobgoblin hits you with a club.
You die...

##.......# #........#
#........# #........#
#.......####
#..........#
#..........#
######..........##
####@K...............
#..g.................
#....................
#.........#####......
#.........#####......
#.............(......
###....................
#......................
#......................


You could see a hobgoblin and a kobold.

Vanquished Creatures
  Jessica (D:2)
  2 adders (D:2)
  A leopard gecko (D:1)
  5 giant cockroaches
  2 hobgoblins (D:2)
  2 ball pythons
  3 bats
  9 frilled lizards (D:1)
  4 goblins (D:1)
  5 kobolds
  3 rats
37 creatures vanquished.

Notes
Turn   | Place    | Note
-------+----------+-------------------------------------------
     0 | D:1      | tilp the Hill Orc Fire Elementalist began the quest for the Orb.
     0 | D:1      | Reached XP level 1. HP: 14/14 MP: 3/3
   539 | D:1      | Reached XP level 2. HP: 20/20 MP: 1/5
   826 | D:1      | Learned a level 2 spell: Throw Flame
  1455 | D:1      | Found a bloodstained altar of Trog.
  1524 | D:2      | Noticed Jessica
  1538 | D:2      | Reached XP level 3. HP: 24/26 MP: 4/6
  1540 | D:2      | Killed Jessica
  1881 | D:2      | Reached XP level 4. HP: 33/33 MP: 4/8
  1919 | D:2      | Learned a level 3 spell: Conjure Flame
  2348 | D:2      | Noticed Sigmund
  2437 | D:1      | Slain by a hobgoblin

Vault maps used:
D:1:      dpeg_arrival_water_altar, minmay_lizard_king
D:2:      nicolae_overflow_hidden_temple, minmay_distorted, uniq_jessica,
          uniq_sigmund, uniq_robin

Skill      XL: |  1  2  3 |
---------------+----------+-----
Spellcasting   | 2 3 |  3.2
Dodging        | |  1.5
Stealth        | |  1.5
Conjurations   | |  1.6
Fire Magic     | |  3.2

Action                   |  1- 3 |  4- 6 || total
-------------------------+-------+-------++-------
Melee: Spear             |    21 |       ||    21
       Dagger            |    67 |    44 ||   111
Throw: Stone             |     1 |       ||     1
 Cast: Flame Tongue      |    28 |     9 ||    37
  Use: Scroll            |     2 |       ||     2
  Eat: Chunk             |     2 |     1 ||     3
       Fruit             |     1 |     1 ||     2
Armor: Robe              |    16 |    19 ||    35
Dodge: Dodged            |    54 |    35 ||    89
